ITL
DETROIT X-WINGS @ BIRMINGHAM BARONS
09/21/2028
 
TOP OF THE 1ST
Detroit X-Wings batting - Pitching for Birmingham Barons : LHP Marcos Bautista
Pitching: LHP Marcos Bautista
Batting: RHB Júlio López 0-0: Ball
1-0: Fly out, F8 (Line Drive, 8RM)
Batting: RHB Gary Witt 0-0: Swinging Strike
0-1: Ball
1-1: Ball
2-1: Ball
3-1: Foul Ball, location: 2F
3-2: Strikes out swinging
Batting: RHB John Moore 0-0: Called Strike
0-1: Ball
1-1: Swinging Strike
1-2: Strikes out swinging
Top of the 1st over - 0 run(s), 0 hit(s), 0 error(s), 0 left on base; Detroit 0 - Birmingham 0
BOTTOM OF THE 1ST
Birmingham Barons batting - Pitching for Detroit X-Wings : LHP Keith Jennings
Pitching: LHP Keith Jennings
Batting: RHB Dave Dawson 0-0: Ball
1-0: Ball
2-0: Ball
3-0: Base on Balls
Batting: RHB Vicente Carona 0-0: Called Strike
0-1: Called Strike
0-2: DOUBLE (Line Drive, 78XD)
Dave Dawson to third
Batting: RHB Yujiro Kurihara 0-0: Foul Ball, location: 2F
0-1: Called Strike
0-2: Ball
1-2: Foul Ball, location: 2F
1-2: SINGLE (Line Drive, 7S)
Dave Dawson scores
Vicente Carona to third
Batting: RHB Bryant von Bohlen 0-0: Called Strike
0-1: Fly out, F8 (Line Drive, 8LM)
Runner from 3rd tags up, SCORES, throw made
Batting: RHB Warren Martin 0-0: Ball
1-0: Foul Ball, location: 2F
1-1: DOUBLE (Line Drive, 7LM)
Yujiro Kurihara to third
Batting: LHB Bob Jones 0-0: SINGLE (Groundball, 6MD)
Yujiro Kurihara scores
Warren Martin to third
Runner from 3rd tries for Home, SAFE, throw made home
Bob Jones to second
Batting: RHB Carlos Vásquez 0-0: Ball
1-0: Called Strike
1-1: Foul Ball, location: 2F
1-2: Ball
2-2: Ball
3-2: Foul Ball, location: 2F
3-2: Strikes out looking
Batting: LHB John Haney 0-0: Ground out U3 (Groundball, 3L)
Bottom of the 1st over - 4 run(s), 4 hit(s), 0 error(s), 1 left on base; Detroit 0 - Birmingham 4
TOP OF THE 2ND
Detroit X-Wings batting - Pitching for Birmingham Barons : LHP Marcos Bautista
Batting: RHB Robby Lewis 0-0: TRIPLE (Groundball, 5L)
Batting: RHB Keith Sims 0-0: Fly out, F5 (Popup, 5)
Batting: RHB Enrique Aguilar 0-0: Called Strike
0-1: Foul Ball, location: 2F
0-2: Strikes out swinging, 2-3 out at first.
Batting: SHB Felipe Detorres 0-0: Called Strike
0-1: Called Strike
0-2: Ball
1-2: Ball
2-2: Ball
3-2: Foul Ball, location: 2F
3-2: Ground out 5-3 (Groundball, 56S)
Top of the 2nd over - 0 run(s), 1 hit(s), 0 error(s), 1 left on base; Detroit 0 - Birmingham 4
BOTTOM OF THE 2ND
Birmingham Barons batting - Pitching for Detroit X-Wings : LHP Keith Jennings
Batting: RHB Rusty Downy 0-0: Ball
1-0: Ball
2-0: Foul Ball, location: 2F
2-1: Ball
3-1: Base on Balls
Batting: RHB Dave Dawson 0-0: SINGLE (Flyball, 8RS)
Rusty Downy to second
Runner from 2nd tries for 3rd, SAFE, no throw
Batting: RHB Vicente Carona 0-0: Ball
1-0: Called Strike
1-1: Ball
2-1: Grounds into double play, 5-4-3 (Groundball, 56)
Rusty Downy scores
Batting: RHB Yujiro Kurihara 0-0: Called Strike
0-1: Ball
1-1: Ball
2-1: Ball
3-1: Base on Balls
Batting: RHB Bryant von Bohlen Pickoff Throw to First - Out!
Bottom of the 2nd over - 1 run(s), 1 hit(s), 0 error(s), 0 left on base; Detroit 0 - Birmingham 5
TOP OF THE 3RD
Detroit X-Wings batting - Pitching for Birmingham Barons : LHP Marcos Bautista
Batting: RHB Oliver Acevedo 0-0: Called Strike
0-1: Foul Ball, location: 2F
0-2: Ground out 6-3 (Groundball, 6)
Batting: RHB Merlin Morris 0-0: Swinging Strike
0-1: Ball
1-1: Ball
2-1: Fly out, F6 (Popup, 6)
Batting: RHB Júlio López 0-0: Called Strike
0-1: Ball
1-1: Ball
2-1: Foul Ball, location: 2F
2-2: Ground out 4-3 (Groundball, 4)
Top of the 3rd over - 0 run(s), 0 hit(s), 0 error(s), 0 left on base; Detroit 0 - Birmingham 5
BOTTOM OF THE 3RD
Birmingham Barons batting - Pitching for Detroit X-Wings : LHP Keith Jennings
Batting: RHB Bryant von Bohlen 0-0: Called Strike
0-1: Swinging Strike
0-2: Ball
1-2: Fly out, F1 (Line Drive, 13)
Batting: RHB Warren Martin 0-0: Called Strike
0-1: Foul Ball, location: 2F
0-2: Ball
1-2: SINGLE (Line Drive, 56D)
Batting: LHB Bob Jones 0-0: Ball
1-0: SINGLE (Groundball, 4MD)
Warren Martin to second
Runner from 2nd tries for 3rd, SAFE, throw made to third
Batting: RHB Carlos Vásquez Pickoff Throw to First - Out!
0-0: Called Strike
0-1: Foul Ball, location: 2F
0-2: Ball
1-2: Ball
2-2: Foul Ball, location: 2F
2-2: SINGLE (Line Drive, 34)
Warren Martin scores
Batting: LHB John Haney 0-0: Ball
Carlos Vásquez is caught stealing 2nd base
Bottom of the 3rd over - 1 run(s), 3 hit(s), 0 error(s), 0 left on base; Detroit 0 - Birmingham 6
TOP OF THE 4TH
Detroit X-Wings batting - Pitching for Birmingham Barons : LHP Marcos Bautista
Batting: RHB Gary Witt 0-0: Ball
1-0: Swinging Strike
1-1: Ball
2-1: Ball
3-1: Foul Ball, location: 2F
3-2: Foul Ball, location: 2F
3-2: Strikes out swinging
Batting: RHB John Moore 0-0: Called Strike
0-1: Ball
1-1: Ball
2-1: Called Strike
2-2: Ball
3-2: SINGLE (Groundball, 56D)
Batting: RHB Robby Lewis 0-0: Ball
1-0: Ball
2-0: 2-RUN HOME RUN (Flyball, 9D), Distance : 352 ft
Batting: RHB Keith Sims 0-0: Ball
1-0: Foul Ball, location: 2F
1-1: Ball
2-1: Ball
3-1: Called Strike
3-2: Strikes out swinging
Batting: RHB Enrique Aguilar 0-0: Ball
1-0: Fly out, F8 (Flyball, 8LS)
Top of the 4th over - 2 run(s), 2 hit(s), 0 error(s), 0 left on base; Detroit 2 - Birmingham 6
BOTTOM OF THE 4TH
Birmingham Barons batting - Pitching for Detroit X-Wings : LHP Keith Jennings
Batting: LHB John Haney 0-0: Ball
1-0: Called Strike
1-1: Foul Ball, location: 2F
1-2: Foul Ball, location: 2F
1-2: Ball
2-2: Ball
3-2: Base on Balls
Batting: RHB Rusty Downy 0-0: Called Strike
0-1: Ball
1-1: Ball
2-1: Foul Ball, location: 2F
2-2: Foul Ball, location: 2F
2-2: Ball
3-2: Foul Ball, location: 2F
3-2: Foul Ball, location: 2F
3-2: Base on Balls
John Haney to second
Batting: RHB Dave Dawson 0-0: Ball
1-0: Ball
2-0: Called Strike
2-1: Foul Ball, location: 2F
2-2: Foul Ball, location: 2F
2-2: Ball
3-2: Foul Ball, location: 2F
3-2: Base on Balls
John Haney to third
Rusty Downy to second
Batting: RHB Vicente Carona 0-0: Ball
1-0: Grounds into double play, 5-4-3 (Groundball, 56)
John Haney scores
Rusty Downy to third
Pitching: RHP Felipe Téllez
Batting: RHB Yujiro Kurihara 0-0: Ball
1-0: Swinging Strike
1-1: Ball
2-1: Called Strike
2-2: Foul Ball, location: 2F
2-2: Foul Ball, location: 2F
2-2: Ball
3-2: Strikes out looking
Bottom of the 4th over - 1 run(s), 0 hit(s), 0 error(s), 1 left on base; Detroit 2 - Birmingham 7
TOP OF THE 5TH
Detroit X-Wings batting - Pitching for Birmingham Barons : LHP Marcos Bautista
Batting: SHB Felipe Detorres 0-0: DOUBLE (Flyball, 8LM)
Batting: RHB Oliver Acevedo 0-0: Ball
1-0: Ball
2-0: Foul Ball, location: 2F
2-1: Ball
3-1: Called Strike
3-2: Ground out 5-3 (Groundball, 5)
Batting: RHB Merlin Morris 0-0: Ball
1-0: Swinging Strike
1-1: Foul Ball, location: 2F
1-2: SINGLE (Line Drive, 6MD)
Felipe Detorres to third
Batting: RHB Júlio López 0-0: Ball
1-0: Ball
2-0: Ball
3-0: Called Strike
3-1: SINGLE (Groundball, 4MD)
Felipe Detorres scores
Merlin Morris to second
Runner from 2nd tries for 3rd, SAFE, throw made to third
Now in CF: Guillermo Lozano
Batting: RHB Gary Witt 0-0: Foul Ball, location: 2F
0-1: Swinging Strike
0-2: Ball
1-2: Strikes out swinging
Batting: RHB John Moore 0-0: Ball
1-0: Ball
2-0: SINGLE (Groundball, 5S) (infield hit)
Merlin Morris scores
Júlio López to second
Batting: RHB Robby Lewis 0-0: Called Strike
0-1: SINGLE (Line Drive, 9LS)
Júlio López to third
John Moore to second
Runner from 3rd tries for Home, SAFE, no throw
Batting: RHB Keith Sims 0-0: Ball
1-0: Called Strike
1-1: Ball
2-1: Foul Ball, location: 2F
2-2: Ball
3-2: Foul Ball, location: 2F
3-2: Ground out 6-3 (Groundball, 6MS)
Top of the 5th over - 3 run(s), 5 hit(s), 0 error(s), 2 left on base; Detroit 5 - Birmingham 7
BOTTOM OF THE 5TH
Birmingham Barons batting - Pitching for Detroit X-Wings : RHP Felipe Téllez
Batting: RHB Bryant von Bohlen 0-0: Called Strike
0-1: Ball
1-1: Swinging Strike
1-2: Foul Ball, location: 2F
1-2: Ball
2-2: Ball
3-2: Foul Ball, location: 2F
3-2: Base on Balls
Batting: RHB Warren Martin 0-0: Ball
1-0: Foul Ball, location: 2F
1-1: Called Strike
1-2: Fly out, F9 (Flyball, 9S)
Batting: LHB Bob Jones 0-0: Ball
1-0: Fielders Choice at 2nd, 1-6 (Groundball, 13S)
Batting: RHB Carlos Vásquez 0-0: Ball
1-0: Ball
2-0: Ball
3-0: Base on Balls
Bob Jones to second
Batting: RHB Guillermo Lozano 0-0: Ball
1-0: Fielders Choice at 2nd, 6-4 (Groundball, 6)
Bottom of the 5th over - 0 run(s), 0 hit(s), 0 error(s), 1 left on base; Detroit 5 - Birmingham 7
TOP OF THE 6TH
Detroit X-Wings batting - Pitching for Birmingham Barons : LHP Marcos Bautista
Pitching: RHP Michel Dallaire
Batting: RHB Enrique Aguilar 0-0: Ball
1-0: Called Strike
1-1: Ground out 5-3 (Groundball, 56)
Batting: SHB Felipe Detorres 0-0: Called Strike
0-1: Called Strike
0-2: Strikes out looking
Batting: RHB Oliver Acevedo 0-0: Ball
1-0: Ground out 6-3 (Groundball, 6)
Top of the 6th over - 0 run(s), 0 hit(s), 0 error(s), 0 left on base; Detroit 5 - Birmingham 7
BOTTOM OF THE 6TH
Birmingham Barons batting - Pitching for Detroit X-Wings : RHP Felipe Téllez
Batting: RHB Rusty Downy 0-0: Ball
1-0: Fly out, F9 (Flyball, 9LS)
Batting: RHB Dave Dawson 0-0: Called Strike
0-1: Foul Ball, location: 2F
0-2: Ball
1-2: Strikes out swinging
Batting: RHB Vicente Carona 0-0: Called Strike
0-1: Ball
1-1: Ball
2-1: Swinging Strike
2-2: Ball
3-2: Strikes out looking
Bottom of the 6th over - 0 run(s), 0 hit(s), 0 error(s), 0 left on base; Detroit 5 - Birmingham 7
TOP OF THE 7TH
Detroit X-Wings batting - Pitching for Birmingham Barons : RHP Michel Dallaire
Batting: RHB Merlin Morris 0-0: Ball
1-0: Foul Ball, location: 2F
1-1: Ground out 6-3 (Groundball, 6MD)
Batting: RHB Júlio López 0-0: Ball
1-0: Ball
2-0: Called Strike
2-1: Called Strike
2-2: SINGLE (Groundball, 56D)
Batting: RHB Gary Witt 0-0: Ball
1-0: Foul Ball, location: 2F
1-1: Swinging Strike
1-2: Ball
2-2: Ball
3-2: Foul Ball, location: 2F
3-2: Foul Ball, location: 2F
3-2: Base on Balls
Júlio López to second
Batting: RHB John Moore 0-0: Ball
1-0: Called Strike
1-1: Swinging Strike
1-2: Strikes out looking
Batting: RHB Robby Lewis 0-0: Called Strike
Balk!
Júlio López to third
Gary Witt to second
0-1: Called Strike
0-2: Ball
1-2: Ball
2-2: Ground out 4-3 (Groundball, 34)
Top of the 7th over - 0 run(s), 1 hit(s), 0 error(s), 2 left on base; Detroit 5 - Birmingham 7
BOTTOM OF THE 7TH
Birmingham Barons batting - Pitching for Detroit X-Wings : RHP Felipe Téllez
Pitching: LHP Richard Dorris
Batting: RHB Yujiro Kurihara 0-0: Ball
1-0: Called Strike
1-1: Foul Ball, location: 2F
1-2: Ball
2-2: Ball
3-2: Foul Ball, location: 2F
3-2: Foul Ball, location: 2F
3-2: Foul Ball, location: 2F
3-2: Foul Ball, location: 2F
3-2: Fly out, F9 (Flyball, 89S)
Batting: RHB Bryant von Bohlen 0-0: Called Strike
0-1: Foul Ball, location: 2F
0-2: Foul Ball, location: 2F
0-2: Ground out 5-3 (Groundball, 5L)
Batting: RHB Warren Martin 0-0: Ball
1-0: Foul Ball, location: 2F
1-1: Ball
2-1: Foul Ball, location: 2F
2-2: Fly out, F9 (Flyball, 9LMF)
Bottom of the 7th over - 0 run(s), 0 hit(s), 0 error(s), 0 left on base; Detroit 5 - Birmingham 7
TOP OF THE 8TH
Detroit X-Wings batting - Pitching for Birmingham Barons : RHP Michel Dallaire
Batting: RHB Keith Sims 0-0: Called Strike
0-1: Swinging Strike
0-2: Fly out, F5 (Popup, 5L)
Batting: RHB Enrique Aguilar 0-0: Ball
1-0: Foul Ball, location: 2F
1-1: Ball
2-1: Ball
3-1: Ground out 6-3 (Groundball, 6)
Batting: SHB Felipe Detorres 0-0: SINGLE (Line Drive, 7S)
Batting: RHB Oliver Acevedo 0-0: Ball
1-0: Foul Ball, location: 2F
1-1: Foul Ball, location: 2F
1-2: Ball
2-2: Foul Ball, location: 2F
2-2: Ball
3-2: Base on Balls
Felipe Detorres to second
Pitching: LHP Richard Simpson
Batting: RHB Merlin Morris 0-0: SINGLE (Groundball, 34D)
Felipe Detorres to third
Oliver Acevedo to second
Throwing error, E9
Felipe Detorres scores
Oliver Acevedo to third
Merlin Morris to second
Batting: RHB Júlio López 0-0: Ball
1-0: Called Strike
1-1: Swinging Strike
1-2: Strikes out swinging
Top of the 8th over - 1 run(s), 2 hit(s), 1 error(s), 2 left on base; Detroit 6 - Birmingham 7
BOTTOM OF THE 8TH
Birmingham Barons batting - Pitching for Detroit X-Wings : LHP Richard Dorris
Batting: LHB Bob Jones 0-0: Ground out 4-3 (Groundball, 4)
Batting: RHB Carlos Vásquez 0-0: Foul Ball, location: 2F
0-1: Fly out, F8 (Flyball, 8LS)
Batting: RHB Guillermo Lozano 0-0: Ball
1-0: Ball
2-0: Ball
3-0: Called Strike
3-1: Base on Balls
Batting: RHB Rusty Downy 0-0: Foul Ball, location: 2F
0-1: SINGLE (Line Drive, 6MD)
Guillermo Lozano to second
Batting: RHB Dave Dawson 0-0: Called Strike
0-1: Swinging Strike
0-2: Ball
1-2: Foul Ball, location: 2F
1-2: Strikes out swinging
Bottom of the 8th over - 0 run(s), 1 hit(s), 0 error(s), 2 left on base; Detroit 6 - Birmingham 7
TOP OF THE 9TH
Detroit X-Wings batting - Pitching for Birmingham Barons : LHP Richard Simpson
Pitching: RHP Ken Lyons
Pinch Hitting: LHB Paul Alston 0-0: Called Strike
0-1: Called Strike
0-2: Foul Ball, location: 2F
0-2: Ball
1-2: Ground out 6-3 (Groundball, 6)
Batting: RHB John Moore 0-0: Ball
1-0: Ball
2-0: Foul Ball, location: 2F
2-1: Called Strike
2-2: Ground out 4-3 (Groundball, 4)
Batting: RHB Robby Lewis 0-0: Called Strike
0-1: Fly out, F9 (Flyball, 9LSF)
Top of the 9th over - 0 run(s), 0 hit(s), 0 error(s), 0 left on base; Detroit 6 - Birmingham 7
Tuesday, August 8th, 2017 - OOTP Baseball 17.12 Build 75